 Dungeon Crawl Stone Soup version 0.19-a0-958-gd69d43c (webtiles) character file.

56 saltylemon the Ducker (level 3, -4/28 HPs)
             Began as a Demonspawn Gladiator on July 12, 2016.
             Slain by Trees's ghost (6 damage)
             ... on level 3 of the Dungeon.
             The game lasted 00:06:03 (1300 turns).

saltylemon the Ducker (Demonspawn Gladiator)        Turns: 1300, Time: 00:06:04

Health: -4/28      AC: 13    Str: 16    XL:     3   Next: 71%
Magic:  3/3        EV: 15    Int:  9    God:
Gold:   95         SH:  4    Dex: 18    Spells: 0 memorised, 2 levels left

rFire  . . .     SeeInvis .     i - +0 mace (drain)
rCold  + . .     Gourm    .     l - +1 scale mail {MR+}
rNeg   . . .     Faith    .     p - +0 buckler
rPois  .         Spirit   .     h - +1 helmet
rElec  .         Dismiss  .     (no cloak)
rCorr  .         Reflect  .     (no gloves)
SustAt .         Harm     .     (no boots)
MR     +....                    (no amulet)
Stlth  +.........               e - ring of protection from cold
                                m - +3 ring of protection

@: agile, somewhat resistant to hostile enchantments, very unstealthy
A: icy blue scales 1, powered by pain 1
a: no special abilities


You were on level 3 of the Dungeon.
You were not hungry.

You visited 1 branch of the dungeon, and saw 3 of its levels.

You collected 95 gold pieces.

Inventory:

Hand Weapons
 a - a +0 flail
 i - a +0 mace of draining (weapon)
Missiles
 d - 2 throwing nets (quivered)
Armour
 b - a +0 leather armour
 c - a +0 helmet
 h - a +1 helmet (worn)
 l - a +1 scale mail of magic resistance (worn)
 p - a +0 buckler (worn)
Jewellery
 e - a ring of protection from cold (right hand)
 m - a +3 ring of protection (left hand)
Scrolls
 g - a scroll of identify
 j - 2 scrolls of remove curse
 n - a scroll of random uselessness
Potions
 o - a potion of might
Comestibles
 f - 2 bread rations
 k - a royal jelly


   Skills:
 + Level 2.3 Fighting
 + Level 3.2 Maces & Flails
 + Level 1.8 Throwing
 + Level 1.0 Armour
 + Level 3.3 Dodging


You had 2 spell levels left.
You didn't know any spells.

Dungeon Overview and Level Annotations

Branches:
Dungeon (3/15)

Altars:

Annotations:
D:3 Trees's ghost, amateur GrFi


Innate Abilities, Weirdness & Mutations

You are partially covered in icy blue scales. (AC +1)
You sometimes gain a little power by taking damage.


Message History

You barely miss Trees's ghost. Trees's ghost hits you!
You focus on the pain.
You feel agile all of a sudden. Trees's ghost barely misses you.
You hit Trees's ghost but do no damage. Trees's ghost misses you.
You hit Trees's ghost.
Trees's ghost is lightly damaged.
Trees's ghost closely misses you.
You closely miss Trees's ghost.
Trees's ghost is lightly damaged.
Trees's ghost hits you!
You hit Trees's ghost.
Trees's ghost is moderately damaged.
Trees's ghost hits you.
* * * LOW HITPOINT WARNING * * *
You block Trees's ghost's attack. Trees's ghost closely misses you.
Trees's ghost hits you.
* * * LOW HITPOINT WARNING * * *
Trees's ghost hits you.
You die...

#.#.#..##.#.# #
#...#........
###.##..#<###.# #
#...........#.#.####
#.#...........#.....
####.####........#
#. #........# #.
#.W......# ..
#@.......# ..
##.......# .#.
#.......# ##.
#.......# ...######
##.# .# .#


You could see Trees's ghost.

Vanquished Creatures
  2 dart slugs
  A giant gecko (D:2)
  2 giant cockroaches
  3 goblins (D:1)
  7 hobgoblins
  10 jackals
  2 quokkas (D:2)
  6 bats
  8 kobolds
  5 rats
46 creatures vanquished.

Notes
Turn   | Place    | Note
-------+----------+-------------------------------------------
     0 | D:1      | saltylemon the Demonspawn Gladiator began the quest for the Orb.
     0 | D:1      | Reached XP level 1. HP: 16/16 MP: 1/1
   199 | D:1      | Gained mutation: You sometimes gain a little power by taking damage. [demonic ancestry]
   199 | D:1      | Reached XP level 2. HP: 14/22 MP: 2/2
   627 | D:1      | Gained mutation: You are partially covered in icy blue scales. (AC +1) [demonic ancestry]
   627 | D:1      | Reached XP level 3. HP: 27/27 MP: 3/3
  1042 | D:2      | Reached skill level 1 in Armour
  1286 | D:3      | Noticed Trees's ghost (amateur GrFi)
  1300 | D:3      | Slain by Trees's ghost

Vault maps used:
D:1:      dpeg_arrival_snail
D:2:      first_bread, minmay_heptomino_d4
D:3:      nicolae_overflow_crystal_walls, hangedman_decor_growths, uniq_sigmund

Skill      XL: |  1  2  3 |
---------------+----------+-----
Maces & Flails | 3 |  3.2
Dodging        | 3 |  3.3
Armour         | 1 |  1.0
Fighting       | |  2.3
Throwing       | |  1.8

Action                   || total
-------------------------++-------
Melee: Flail             ||    87
       Mace              ||    49
Throw: Throwing net      ||     3
  Use: Scroll            ||     7
       Potion            ||     4
  Eat: Bread ration      ||     1
       Beef jerky        ||     1
Armor: Leather armour    ||    13
       Scale mail        ||    78
Dodge: Dodged            ||   142
Block: Buckler           ||     2
